[Event "Czech Extraliga 2024-25"]
[Site "Czechia"]
[Date "2024.11.02"]
[Round "1.6"]
[White "Cuhra, Martin"]
[Black "Mladek, Richard"]
[Result "1-0"]
[ECO "B36"]
[WhiteElo "2277"]
[BlackElo "2387"]
[Annotator "RC"]
[PlyCount "93"]
[EventDate "2024.09.12"]
[EventType "team-tourn"]
[EventCountry "CZE"]
[SourceTitle "playchess.com"]
[Source "ChessBase"]
[SourceQuality "1"]
[TimeControl "40/5400+30:1800+30"]

1. e4 c5 2. Nf3 Nc6 3. d4 cxd4 4. Nxd4 g6 5. c4 Nf6 6. Nc3 d6 7. Be2 Nxd4 8. Qxd4 Bg7 9. Be3 O-O 10. Qd2 a5 11. O-O a4 12. Rfd1 Qa5 13. Rac1 Be6 14. f3 Rfc8 15. Nb5 Nd7 16. Qxa5 Rxa5 17. Nd4 Nc5 18. Rb1 h5 19. Bf1 Raa8 20. Rd2 Kh7 21. g3 Bd7 22. Kf2 Bf6 23. Be2 g5 24. h3 Kg6 25. Kg2 Bc6 26. Nxc6 Rxc6 27. f4 Rh8 28. Rf1 Kg7 29. e5 dxe5 30. fxg5 Bxg5 31. Bxg5 Ne4 32. Be3 Rg6 33. Rf3 Nxd2 34. Bxd2 Rd6 35. Bb4 Rd7 36. Bc3 f6 37. a3 h4 38. g4 Rhd8 39. Kf2 Kg6 40. Ke3 e6 41. Rf1 b6 42. Rg1 Kg5 43. Rc1 Rd6 44. Bb4 Rd4 45. c5 bxc5 46. Rxc5 Rf4 47. Rxe5+ 1-0

[Event "Czech Extraliga 2024-25"]
[Site "Czechia"]
[Date "2024.11.02"]
[Round "1.6"]
[White "Klement, Lukas"]
[Black "Kusa, Jakub"]
[Result "0-1"]
[ECO "D02"]
[WhiteElo "2271"]
[BlackElo "2401"]
[Annotator "TA"]
[PlyCount "88"]
[EventDate "2024.09.12"]
[EventType "team-tourn"]
[EventCountry "CZE"]
[SourceTitle "playchess.com"]
[Source "ChessBase"]
[SourceQuality "1"]
[TimeControl "40/5400+30:1800+30"]

1. Nf3 d5 2. d4 e6 3. g3 Nf6 4. Bg2 h6 5. O-O Bd6 {[%emt 0:00:34] [#]} 6. c4 $1 Nc6 {[%emt 0:02:10] Prevents Ne5.} (6... O-O 7. b3) 7. b3 O-O 8. Bb2 {[%emt 0:03:34] White is slightly better.} Re8 9. Ne5 Ne7 10. Nc3 b6 11. Nd3 {[%emt 0:06:48] c5 is the strong threat.} c6 12. e4 dxe4 13. Nxe4 Nxe4 14. Bxe4 Bb7 15. Qh5 Nf5 16. Ne5 (16. Rad1 $16) 16... Bxe5 $14 17. dxe5 Qc7 $1 18. Qf3 (18. g4 $1 $16 Ne7 19. c5) 18... Rab8 $11 19. c5 bxc5 20. Rfe1 {[%emt 0:07:00] [#]} c4 $1 21. bxc4 c5 {[%emt 0:00:19] Threatens to win with ...Bxe4.} 22. Bc3 Red8 23. Rad1 {[%emt 0:01:48] Black must now prevent Rxd8+.} Bxe4 24. Qxe4 h5 25. h3 Rd7 26. g4 hxg4 27. hxg4 Nh4 28. Kh2 (28. Kf1 $11) 28... Rbd8 29. Rxd7 Qxd7 30. Ba5 Rb8 31. Bc3 {[%emt 0:00:15] Prevents Rb2} Qa4 32. Re2 (32. Kg3 $11 {remains equal.} Ng6 33. Qe2) 32... Qd1 $17 33. Be1 $2 {[%emt 0:00:32][%mdl 8192] Now White is beyond hope.} (33. Ba5 $17) 33... Rd8 $1 $19 {[%emt 0:01:46] Strongly threatening ...Rd4.} 34. Kg3 {[%emt 0:00:51] [#]} g5 {[%emt 0:01:15] aiming for ...Rd3+.} (34... Rd4 $2 35. Qc2 Qxc2 36. Rxc2 $19) 35. f3 Rd3 {[%emt 0:01:27] Against Qe3} 36. Re3 (36. Rf2) 36... Rd4 37. Qa8+ Kg7 {[%emt 0:00:05] ( -> ...Qc2)} 38. Qxa7 {[%emt 0:00:26] [#]} Nxf3 $1 39. Bf2 (39. Qe7 Rf4) 39... Nh4 {[%emt 0:00:34] Black mates.} 40. Kh2 Rxg4 41. Rg3 Rxg3 42. Bxg3 Qe2+ 43. Kh3 Qg2+ 44. Kg4 Qf3+ {[%emt 0:26:32] Weighted Error Value: White=0.72/Black=0.14 (very precise) .  Loses game:     	White=1     	---        Mistake:       	White=5     	---        Inaccurate:     	White=2     	Black=4      OK:         	White=15    	Black=12     Best:        	---       	Black=2      Strong:       	---       	Black=2} 0-1

[Event "Czech Extraliga 2024-25"]
[Site "Czechia"]
[Date "2024.11.02"]
[Round "1.7"]
[White "Kriebel, Tadeas"]
[Black "Rasik, Vitezslav"]
[Result "1-0"]
[ECO "B06"]
[WhiteElo "2512"]
[BlackElo "2420"]
[Annotator "TA"]
[PlyCount "125"]
[EventDate "2024.09.12"]
[EventType "team-tourn"]
[EventCountry "CZE"]
[SourceTitle "playchess.com"]
[Source "ChessBase"]
[SourceQuality "1"]
[TimeControl "40/5400+30:1800+30"]

1. e4 d6 2. d4 g6 3. Nc3 Bg7 4. Be3 a6 5. f4 b5 6. e5 {[%emt 0:00:22] B06: Modern Defence.} Bb7 7. Nf3 Nd7 8. a3 c5 9. e6 fxe6 10. Ng5 Bxd4 11. Bxd4 cxd4 12. Qxd4 $146 ({Predecessor:} 12. Nxe6 Qb6 13. Qxd4 Qxd4 14. Nxd4 Ngf6 15. Rg1 Rc8 16. g3 e5 17. fxe5 dxe5 18. Nb3 {0-1 Ciemniak,R (2390)-Urban,K (2463) POL-chT 55th 1999 (1)}) 12... e5 13. fxe5 dxe5 14. Qg4 Qb6 15. Qh3 Ngf6 16. O-O-O b4 17. Bc4 bxc3 18. Bf7+ Kd8 19. Qxc3 Qc6 20. Qxe5 Rf8 21. Rhe1 Kc8 22. Be6 (22. Qxe7 Qc5 23. Nxh7 Qxe7 24. Rxe7 Nxh7 $11) 22... Qc7 23. Bxd7+ Nxd7 24. Qxc7+ Kxc7 25. Rxe7 (25. Nxh7 $2 Rfe8 26. Re6 Bxg2 $19) 25... Rfd8 $2 (25... Bc6 {might work better.}) 26. Ne6+ $18 ({Weaker is} 26. Nxh7 Kc6 $14) (26. Rxh7 Bxg2 27. Rg7 Kc8 $16) 26... Kc6 27. Rxh7 Nf8 $2 (27... Re8 28. Rdxd7 Rxe6 29. Rc7+ (29. Rxb7 Re1+ 30. Kd2 Rae8 $18) 29... Kd5 30. Rhd7+ (30. Rxb7 Re1+ 31. Kd2 Rae8 $18) 30... Ke5 31. Rxb7 g5) 28. Nxd8+ $18 Rxd8 29. Rxd8 Nxh7 30. Rg8 g5 31. Rg7 Nf8 32. Rxg5 Kd6 33. g3 Ne6 34. Rg8 Nd4 35. Rg6+ Ne6 36. Kd2 Be4 37. Rh6 Ke5 38. Rh5+ Kd4 39. b3 (39. c3+ $142 Kc4 40. b3+ Kxb3 41. Re5) 39... Bd5 40. Rh4+ Be4 41. c3+ Ke5 42. Rh5+ Kd6 43. c4 Bg6 44. Rh6 Bf5 45. Rh5 Bg6 $1 46. Rd5+ Kc6 47. b4 Nc7 48. Rg5 Bb1 49. Kc3 Kd6 50. h4 Be4 51. a4 Ne6 52. Ra5 Bb7 53. h5 Ke7 54. Rf5 Be4 55. Re5 Bb1 56. Ra5 Nc7 57. g4 Ke6 58. Kd4 Bc2 59. b5 axb5 60. axb5 Kd6 61. c5+ Kd7 62. Ke5 Bd3 63. h6 1-0

[Event "Czech Extraliga 2024-25"]
[Site "Czechia"]
[Date "2024.11.02"]
[Round "1.7"]
[White "Jirovsky, Milos"]
[Black "Pulpan, Jakub"]
[Result "1/2-1/2"]
[ECO "D35"]
[WhiteElo "2430"]
[BlackElo "2398"]
[Annotator "RC"]
[PlyCount "23"]
[EventDate "2024.09.12"]
[EventType "team-tourn"]
[EventCountry "CZE"]
[SourceTitle "playchess.com"]
[Source "ChessBase"]
[SourceQuality "1"]
[TimeControl "40/5400+30:1800+30"]

1. Nf3 d5 2. d4 Nf6 3. c4 e6 4. cxd5 exd5 5. Nc3 c6 6. Bg5 Be7 7. e3 Bf5 8. Bd3 Bxd3 9. Qxd3 Nbd7 10. O-O O-O 11. Rab1 a5 12. Rfc1 1/2-1/2

[Event "Czech Extraliga 2024-25"]
[Site "Czechia"]
[Date "2024.11.02"]
[Round "1.7"]
[White "Bures, Jaroslav"]
[Black "Hollan, Petr"]
[Result "1-0"]
[ECO "B33"]
[WhiteElo "2405"]
[BlackElo "2251"]
[Annotator "RC"]
[PlyCount "91"]
[EventDate "2024.09.12"]
[EventType "team-tourn"]
[EventCountry "CZE"]
[SourceTitle "playchess.com"]
[Source "ChessBase"]
[SourceQuality "1"]
[TimeControl "40/5400+30:1800+30"]

1. e4 c5 2. Nf3 Nc6 3. d4 cxd4 4. Nxd4 Nf6 5. Nc3 e5 6. Ndb5 d6 7. Nd5 Nxd5 8. exd5 Nb8 9. a4 Be7 10. b4 O-O 11. a5 Nd7 12. c4 a6 13. Nc3 f5 14. Be2 e4 15. Ra3 b6 16. O-O bxa5 17. Rxa5 Rb8 18. Qa4 Qb6 19. Ba3 Qd4 20. Qc2 Bd8 21. Rd1 Qe5 22. Ra4 e3 23. f3 Bh4 24. Bf1 Bf2+ 25. Kh1 Rf6 26. h3 Rh6 27. Ne2 Nf6 28. Bb2 Qe8 29. c5 dxc5 30. Bxf6 Rxf6 31. bxc5 Bd7 32. c6 Bxc6 33. dxc6 Qxc6 34. Qa2+ Qe6 35. f4 Qxa2 36. Rxa2 h6 37. g3 Rbb6 38. Kg2 Rfd6 39. Rxd6 Rxd6 40. Ra5 g6 41. Ra3 Kg7 42. Ra1 Kh7 43. Kf3 Kg7 44. Nc3 Rc6 45. Nd1 g5 46. Nxe3 1-0

[Event "Czech Extraliga 2024-25"]
[Site "Czechia"]
[Date "2024.11.02"]
[Round "1.7"]
[White "Rydl, Jiri"]
[Black "Gnojek, Petr"]
[Result "0-1"]
[ECO "A37"]
[WhiteElo "2404"]
[BlackElo "2420"]
[Annotator "TA"]
[PlyCount "90"]
[EventDate "2024.09.12"]
[EventType "team-tourn"]
[EventCountry "CZE"]
[SourceTitle "playchess.com"]
[Source "ChessBase"]
[SourceQuality "1"]
[TimeControl "40/5400+30:1800+30"]

1. c4 g6 2. g3 Bg7 3. Bg2 c5 4. Nc3 Nc6 5. Nf3 e5 6. O-O Nge7 7. a3 a5 8. Ne1 d6 9. Nc2 O-O 10. Rb1 Bf5 (10... Be6 $11) 11. d3 $14 Qd7 12. b4 cxb4 {[%emt 0:00:00] White is slightly better.} 13. axb4 Bh3 $1 14. Bxh3 Qxh3 15. bxa5 Rxa5 16. Ne4 Qd7 17. Bd2 Ra7 18. Be3 Raa8 19. c5 (19. Bh6 $142) 19... d5 $11 20. Nd6 Rab8 21. f4 (21. Nb4 $11 {remains equal.}) 21... d4 $17 22. Bd2 exf4 23. Bxf4 Nd5 24. Qd2 Nxf4 25. Qxf4 Be5 26. Qh6 (26. Qf3 $15) 26... Bxd6 27. cxd6 Qxd6 28. Rb5 {[%emt 0:01:49] [#] And now Rh5 would win.} Qe6 29. Rf2 Rfd8 30. Qg5 Rd7 31. h4 Rbd8 32. Qf4 h5 (32... Ra8 {is more complex.} 33. Nb4 Ra1+ 34. Rf1 Rxf1+ 35. Kxf1 Re7) 33. Ne1 Ne7 34. Re5 Qb3 (34... Nd5 $1 $17 35. Qxd4 Qc6) 35. Nf3 {[%emt 0:01:00] [#]} (35. Ng2 $11 {keeps the balance.}) 35... Nd5 $1 36. Qxd4 (36. Qh6 $17 Ne3 37. Re4) 36... Nf6 $19 37. Qf4 Ng4 38. Re4 Qb6 39. d4 Nxf2 40. Kxf2 Rd5 41. Kg2 Rf5 42. Qe3 Qc6 43. Re7 b5 44. Qd3 (44. Qd2 {was called for.}) 44... b4 45. Qb3 Rxd4 {[%emt 0:07:16] Weighted Error Value: White=0.33/Black=0.10 (very precise) .  Mistake:       	White=6     	Black=1      Inaccurate:     	White=2     	Black=2      OK:         	White=9     	Black=19     Best:        	---       	Black=3      Strong:       	---       	Black=2} 0-1

[Event "Czech Extraliga 2024-25"]
[Site "Czechia"]
[Date "2024.11.02"]
[Round "1.7"]
[White "Zeman, Matyas"]
[Black "Flajsman, Pavel"]
[Result "1-0"]
[ECO "B56"]
[WhiteElo "2332"]
[BlackElo "2179"]
[Annotator "RC"]
[PlyCount "109"]
[EventDate "2024.09.12"]
[EventType "team-tourn"]
[EventCountry "CZE"]
[SourceTitle "playchess.com"]
[Source "ChessBase"]
[SourceQuality "1"]
[TimeControl "40/5400+30:1800+30"]

1. e4 c5 2. Nf3 d6 3. d4 cxd4 4. Nxd4 Nf6 5. Nc3 Nc6 6. f3 e5 7. Nb3 Be7 8. Be3 O-O 9. Qd2 a5 10. Bb5 Be6 11. Rd1 Nb4 12. a3 Na6 13. O-O Nc7 14. Bb6 Nd7 15. Bxd7 Qxd7 16. Nxa5 Ra6 17. Bxc7 Qxc7 18. Nb3 Bxb3 19. cxb3 Qb6+ 20. Rf2 Qxb3 21. Nd5 Bd8 22. Qc2 Qxc2 23. Rxc2 Bb6+ 24. Kf1 Bd4 25. Rd3 Kh8 26. Rb3 Rc6 27. Rxc6 bxc6 28. Ne7 c5 29. Ke2 c4 30. Rb7 h6 31. Kd2 Ra8 32. Kc2 c3 33. Nc6 Kh7 34. bxc3 Bc5 35. Rxf7 Rxa3 36. Kb2 Ra6 37. Nb4 Rb6 38. Kb3 Kg6 39. Rd7 h5 40. Kc4 Kh6 41. Nd3 Ba3 42. Ra7 Bb2 43. Ra2 Rc6+ 44. Kd5 Rxc3 45. Nxb2 Rc2 46. Kxd6 Rxg2 47. h4 g5 48. Kxe5 gxh4 49. Ra6+ Kg5 50. Nd3 h3 51. Nf4 h2 52. Rg6+ Kh4 53. Nxg2+ Kh3 54. Nf4+ Kh4 55. Rh6 1-0

[Event "Czech Extraliga 2024-25"]
[Site "Czechia"]
[Date "2024.11.02"]
[Round "1.7"]
[White "Riha, Vojtech"]
[Black "Ponizil, Cyril"]
[Result "1/2-1/2"]
[ECO "B42"]
[WhiteElo "2261"]
[BlackElo "2465"]
[Annotator "TA"]
[PlyCount "98"]
[EventDate "2024.09.12"]
[EventType "team-tourn"]
[EventCountry "CZE"]
[SourceTitle "playchess.com"]
[Source "ChessBase"]
[SourceQuality "1"]
[TimeControl "40/5400+30:1800+30"]

1. e4 c5 2. Nf3 e6 3. c4 a6 4. Nc3 Qc7 5. d4 cxd4 6. Nxd4 Nf6 7. Bd3 d6 8. O-O g6 9. Kh1 {[%emt 0:06:17] B42: Sicilian: Kan Variation: 5 Bd3.} Bg7 10. Bg5 Nbd7 11. f4 $146 ({Predecessor:} 11. Rc1 b6 12. f3 Bb7 13. Qd2 O-O 14. Rfd1 Rac8 15. Bf1 Ne5 16. b3 Rfd8 17. Qf4 Ned7 {1-0 Vogt,L (2505)-Gheorghiu,F (2500) Biel MTO op 1990 (9)}) 11... h6 (11... O-O $14) 12. Bh4 (12. Nxe6 $1 $16 fxe6 13. Bxf6 Nxf6 (13... Bxf6 14. e5 $16) 14. e5 dxe5 15. Bxg6+ Ke7 16. fxe5 Qxe5 17. Qd3) 12... g5 13. Bg3 $1 $16 {[%emt 0:02:56][%cal Oe4e5] Strongly threatening e5!} (13. fxg5 $6 hxg5 14. Bxg5 Nh5 $11) 13... gxf4 14. Bxf4 Ne5 15. Be2 Bd7 {[%emt 0:00:14] Prevents Ndb5} 16. Rc1 Rc8 17. b4 Qb6 {[%emt 0:08:30] [#]} (17... O-O $142) 18. Bxe5 (18. a3 $1 $16) 18... dxe5 $11 19. Nc2 Qd8 20. Qe1 Bc6 21. Qg3 O-O 22. Rcd1 (22. Qxe5 $2 Nxe4 $19) 22... Qe7 23. Bf3 Rfd8 24. c5 Qe8 (24... b6 $15 25. cxb6 Bb7) 25. Ne3 (25. Qxe5 $2 Nxe4 (25... Nd5 $2 26. Qxg7+ Kxg7 27. exd5 $19) 26. Qf4 Nxc3 $19 (26... Bxc3 27. Bxe4 Rxd1 28. Rxd1 $15)) 25... Rd4 {[%emt 0:02:56] Repels Nc4} 26. Rxd4 (26. Qxe5 $2 Nxe4 (26... Rxb4 27. Qg3 $11) (26... Nd5 27. Qxd4 Bxd4 28. exd5 $15) 27. Qh5 Nxc3 $19) 26... exd4 27. e5 $1 Nh7 28. Ng4 Bxf3 (28... dxc3 $14 29. Bxc6 Rxc6 30. Nxh6+ Kh8 31. Nxf7+ Kg8) 29. Nf6+ ({White should play} 29. gxf3 {And now Nf6+ would win.} dxc3 30. Nf6+ Nxf6 31. exf6) 29... Nxf6 $16 30. exf6 Qf8 (30... Bxg2+ $2 31. Qxg2 Qf8 32. fxg7 Qxg7 33. Qxb7 $18) 31. gxf3 dxc3 32. Rg1 $1 {[%emt 0:00:05] White has more active pieces.} Kh7 $2 33. fxg7 $18 {[%emt 0:00:08][%mdl 4096] Endgame. KQR-KQR} (33. Qxg7+ Qxg7 34. Rxg7+ Kh8 $17) (33. Qf4 Bxf6 34. Qxf6 b6 $11) 33... Qd8 $2 (33... Qg8 {keeps fighting.} 34. Qe5 c2) 34. Qe5 $2 (34. g8=R $18 Qxg8 35. Qf4) 34... Kg8 35. Qxc3 Qd5 36. Qe3 e5 37. Re1 Rc6 38. Qe4 (38. Qxe5 $2 {too greedy.} Qxf3+ (38... Qxa2 39. Qe7 $18) 39. Kg1 Rg6+ $19) 38... Qxe4 ({Better is} 38... Qxa2 $11 39. Rg1 (39. Qxe5 Rg6 $11) 39... Rg6) 39. Rxe4 $11 {[%emt 0:00:08] KR-KR} f6 {[%emt 0:00:41][%cal Bf7f6,Bf6f5][%mdl 32] [#]} 40. Rg4 (40. f4 $1 $16) 40... f5 41. Rg2 b6 42. cxb6 Rxb6 43. a3 Rd6 44. Re2 Rd5 45. Rc2 Kxg7 46. Rc6 a5 47. Ra6 axb4 48. axb4 Rd1+ 49. Kg2 Rb1 1/2-1/2

[Event "Czech Extraliga 2024-25"]
[Site "Czechia"]
[Date "2024.11.02"]
[Round "1.8"]
[White "Volosin, Leon"]
[Black "Vrana, Jan"]
[Result "1/2-1/2"]
[ECO "C68"]
[WhiteElo "2381"]
[BlackElo "2348"]
[Annotator "RC"]
[PlyCount "82"]
[EventDate "2024.09.12"]
[EventType "team-tourn"]
[EventCountry "CZE"]
[SourceTitle "playchess.com"]
[Source "ChessBase"]
[SourceQuality "1"]
[TimeControl "40/5400+30:1800+30"]

1. e4 e5 2. Nf3 Nc6 3. Bb5 a6 4. Bxc6 dxc6 5. d3 Bd6 6. Nbd2 Ne7 7. Nc4 f6 8. d4 exd4 9. Qxd4 Be6 10. Nxd6+ Qxd6 11. Be3 Qxd4 12. Nxd4 Bf7 13. f3 b6 14. O-O-O O-O-O 15. b3 c5 16. Ne2 Nc6 17. Nf4 c4 18. Kb2 Rhe8 19. Bf2 cxb3 20. axb3 Kb7 21. h4 g6 22. Rhe1 a5 23. Rxd8 Rxd8 24. Nd3 Kc8 25. Be3 Re8 26. Bd2 Ne5 27. Nxe5 Rxe5 28. Bc3 Re6 29. g4 Be8 30. g5 f5 31. exf5 Rxe1 32. Bxe1 gxf5 33. Bc3 f4 34. Be5 Bh5 35. Bxf4 Bxf3 36. c4 Kd7 37. Kc3 Bd1 38. Bg3 c6 39. Bf2 b5 40. cxb5 cxb5 41. Bb6 a4 1/2-1/2

[Event "Czech Extraliga 2024-25"]
[Site "Czechia"]
[Date "2024.11.02"]
[Round "1.8"]
[White "Velicka, Petr"]
[Black "Kulhanek, Tomas"]
[Result "1/2-1/2"]
[ECO "B52"]
[WhiteElo "2334"]
[BlackElo "2310"]
[Annotator "RC"]
[PlyCount "97"]
[EventDate "2024.09.12"]
[EventType "team-tourn"]
[EventCountry "CZE"]
[SourceTitle "playchess.com"]
[Source "ChessBase"]
[SourceQuality "1"]
[TimeControl "40/5400+30:1800+30"]

1. e4 c5 2. Nf3 d6 3. Bb5+ Bd7 4. Bxd7+ Qxd7 5. c4 Nf6 6. Nc3 Nc6 7. d4 cxd4 8. Nxd4 g6 9. f3 Bg7 10. Be3 O-O 11. O-O a6 12. Qd3 Rab8 13. Nxc6 bxc6 14. b3 Qc7 15. Rac1 Nd7 16. Na4 Ne5 17. Qd2 c5 18. Bh6 Nc6 19. Bxg7 Kxg7 20. f4 Nd4 21. f5 f6 22. Nc3 Qd7 23. Ne2 Nxe2+ 24. Qxe2 a5 25. Rc3 a4 26. Rg3 axb3 27. axb3 g5 28. h4 h6 29. Kf2 e6 30. Kg1 Rbe8 31. hxg5 hxg5 32. Qb2 Kg8 33. Rgf3 Rf7 34. fxe6 Rxe6 35. Rxf6 Rfxf6 36. Rxf6 Qg7 37. Rf2 Rxe4 38. Qxg7+ Kxg7 39. Rd2 Re6 40. Rd5 Kg6 41. g4 Rf6 42. Kg2 Kh6 43. Kh2 Kg6 44. Kg3 Kh6 45. Rd1 Kg6 46. Ra1 Rf4 47. Rd1 Rf6 48. Rd5 Kh6 49. Kg2 1/2-1/2

[Event "Czech Extraliga 2024-25"]
[Site "Czechia"]
[Date "2024.11.02"]
[Round "1.8"]
[White "Mica, Marek"]
[Black "Horak, Martin"]
[Result "0-1"]
[ECO "A07"]
[WhiteElo "2333"]
[BlackElo "2362"]
[Annotator "RC"]
[PlyCount "82"]
[EventDate "2024.09.12"]
[EventType "team-tourn"]
[EventCountry "CZE"]
[SourceTitle "playchess.com"]
[Source "ChessBase"]
[SourceQuality "1"]
[TimeControl "40/5400+30:1800+30"]

1. Nf3 d5 2. g3 g6 3. c4 c6 4. Bg2 Bg7 5. Qc2 e5 6. d3 Ne7 7. O-O O-O 8. e4 Nd7 9. b4 a5 10. b5 d4 11. bxc6 Nxc6 12. Ba3 Nb4 13. Bxb4 axb4 14. Nbd2 Nc5 15. Rfb1 Ra3 16. Nb3 Na4 17. Nc1 Qa5 18. Rb3 Nc3 19. Rxa3 Qxa3 20. Qb3 Qa5 21. a3 Bh6 22. Na2 bxa3 23. Nb4 a2 24. Nd5 b5 25. Nxe5 Be6 26. Nc6 bxc4 27. dxc4 Qc5 28. Nce7+ Kh8 29. Nxc3 Bxc4 30. Na4 Qc7 31. Qa3 Rb8 32. Nb2 Bf8 33. Nxc4 Rb1+ 34. Bf1 Rxa1 35. Nxg6+ hxg6 36. Qxf8+ Kh7 37. Nd6 Rxf1+ 38. Kg2 Rxf2+ 39. Kxf2 a1=Q 40. Ne8 Qc2+ 41. Kf3 Qf1+ 0-1

[Event "Czech Extraliga 2024-25"]
[Site "Czechia"]
[Date "2024.11.02"]
[Round "1.8"]
[White "Sykora, Ondrej"]
[Black "Trasakova, Adela"]
[Result "1/2-1/2"]
[ECO "B12"]
[WhiteElo "2090"]
[BlackElo "1921"]
[Annotator "RC"]
[PlyCount "76"]
[EventDate "2024.09.12"]
[EventType "team-tourn"]
[EventCountry "CZE"]
[SourceTitle "playchess.com"]
[Source "ChessBase"]
[SourceQuality "1"]
[TimeControl "40/5400+30:1800+30"]

1. e4 c6 2. d4 d5 3. e5 Bf5 4. Ne2 e6 5. Ng3 Bg6 6. h4 h5 7. c3 Nd7 8. Be2 c5 9. Nxh5 Bxh5 10. Bxh5 g6 11. Be2 Rxh4 12. Rxh4 Qxh4 13. Be3 Rc8 14. g3 Qd8 15. Nd2 Ne7 16. g4 Nc6 17. a3 Be7 18. Kf1 Bg5 19. f4 Be7 20. Kg2 Qb6 21. b4 cxd4 22. cxd4 g5 23. Nf3 gxf4 24. Bxf4 Nf8 25. Bg3 Kd7 26. Rc1 a6 27. Qd2 Ng6 28. Rh1 Rh8 29. Rh5 Qd8 30. Qc1 Qg8 31. Kf2 Nf8 32. Qh1 Rxh5 33. Qxh5 Qg6 34. Qxg6 Nxg6 35. Ke3 Na7 36. Be1 Kc6 37. Bd2 Nb5 38. Bc1 a5 1/2-1/2

[Event "Czech Extraliga 2024-25"]
[Site "Czechia"]
[Date "2024.11.02"]
[Round "1.8"]
[White "Turner, Radek"]
[Black "Pisk, Petr"]
[Result "1/2-1/2"]
[ECO "A25"]
[WhiteElo "2055"]
[BlackElo "2287"]
[Annotator "RC"]
[PlyCount "27"]
[EventDate "2024.09.12"]
[EventType "team-tourn"]
[EventCountry "CZE"]
[SourceTitle "playchess.com"]
[Source "ChessBase"]
[SourceQuality "1"]
[TimeControl "40/5400+30:1800+30"]

1. c4 e5 2. g3 Nf6 3. Bg2 Nc6 4. Nc3 Bb4 5. Nd5 a5 6. e3 O-O 7. Ne2 Re8 8. Nec3 d6 9. O-O Bxc3 10. Nxc3 Be6 11. b3 d5 12. d4 exd4 13. exd4 h6 14. Bf4 1/2-1/2